 Dungeon Crawl Stone Soup version 0.28.0-1-gb440e238dd (webtiles) character file.

Game seed: 3096320247804099124

555 Kaptain the Sneak (level 7, -1/46 HPs)
             Began as an Octopode Hedge Wizard on Feb 23, 2022.
             Slain by an ice beast (3 damage)
             ... on level 5 of the Dungeon.
             The game lasted 00:12:27 (5904 turns).

Kaptain the Sneak (Octopode Hedge Wizard)           Turns: 5904, Time: 00:12:27

Health: -1/46      AC:  1    Str:  9    XL:     7   Next: 30%
Magic:  5/13       EV: 13    Int: 18    God:
Gold:   177        SH:  0    Dex: 12    Spells: 9/15 levels left

rFire   . . .      SeeInvis .   p - +3 dagger (protect)
rCold   . . .      Faith    .   (no shield)
rNeg    . . .      Spirit   .   b - +0 hat
rPois   .          Reflect  .   (no amulet)
rElec   .          Harm     .   (no ring)
rCorr   .          Rampage  .   (no ring)
Will    .....                   (no ring)
Stlth   ++++......              (no ring)
HPRegen 0.15/turn               (no ring)
MPRegen 0.13/turn               (no ring)
                                (no ring)
                                (no ring)

@: on berserk cooldown, slowed, invisible, very slow
A: almost no armour, amphibious, 8 rings, camouflage 1, gelatinous body 1,
(nimble swimmer 1), tentacles
a: no special abilities


You were on level 5 of the Dungeon.
You visited 1 branch of the dungeon, and saw 5 of its levels.

You collected 177 gold pieces.

Inventory:

Hand Weapons
 e - a +0 short sword
 f - a +2 vampiric short sword
 p - a +3 dagger of protection (weapon)
 q - a +0 hunting sling
 r - a +0 trident
Missiles
 a - 139 stones
 i - 6 boomerangs (quivered)
 k - 43 sling bullets
 s - 5 atropa-tipped darts
Armour
 b - a +0 hat (worn)
Jewellery
 l - a +4 ring of protection
Wands
 u - a wand of flame (23)
Scrolls
 c - a scroll of identify
 g - 3 scrolls of fog
 j - a scroll of blinking
 m - a scroll of silence
Potions
 d - a potion of lignification
 t - a potion of haste {unknown}
 w - a potion of cancellation {unknown}
Miscellaneous
 v - a condenser vane


   Skills:
 * Level 3.4 Fighting
 + Level 3.0 Dodging
 + Level 4.6 Stealth
 * Level 4.5 Spellcasting
 * Level 3.9 Conjurations
 - Level 1.0 Summonings
 - Level 1.0 Translocations


You had 9 spell levels left.
You knew the following spells:

 Your Spells              Type           Power      Damage    Failure   Level
a - Magic Dart            Conj           72%        1d6       2%          1
b - Blink                 Tloc           14%        N/A       14%         2
c - Mephitic Cloud        Conj/Pois/Air  8%         N/A       24%         3

Your spell library contained the following spells:

 Spells                   Type           Power      Damage    Failure   Level
 Slow                     Hex            16%        N/A       14%         1
 Call Imp                 Summ           7%         N/A       14%         2
 Conjure Flame            Conj/Fire      11%        6-21      19%         3


Dungeon Overview and Level Annotations

Branches:
Dungeon (5/15)
 Temple: D:4-7

Altars:
Cheibriados
Hepliaklqana
Uskayaw


Innate Abilities, Weirdness & Mutations

You cannot wear most types of armour.
You are amphibious.
You can wear up to eight rings at the same time.
Your skin changes colour to match your surroundings (Stealth+).
Your rubbery body absorbs attacks. (AC +1, EV +1)
((You are camouflaged when in or above water. (Stealth+)))
You have tentacles for arms and can constrict up to eight enemies at once.


Message History

The ice beast barely misses you.
Casting: Magic Dart (safe; 2% risk of failure)
Confirm with . or Enter, or press ? or * to list all spells.
Aiming: Magic Dart (safe; 2% risk of failure)
Press: ? - help, Shift-Dir - straight line, f/p - ice beast
Aim: an ice beast (heavily wounded, 100% to hit)
The magic dart hits the ice beast but does no damage.
The ice beast is heavily wounded.
The ice beast hits you. The ice beast freezes you!
* * * LOW HITPOINT WARNING * * *
The ice beast closely misses you.
You see here a scorpion corpse.
Found a dagger.
You feel much better. The ice beast hits you. The ice beast freezes you!
* * * LOW HITPOINT WARNING * * *
A red film seems to cover your vision as you go berserk!
You feel yourself moving faster!
You feel mighty! The ice beast hits you.
* * * LOW HITPOINT WARNING * * *
The ice beast freezes you!
* * * LOW HITPOINT WARNING * * *
Unknown command.
You feel a strong urge to attack something.
You are too berserk!
You feel your anger nearly subside.
You are no longer berserk.
You are exhausted.
You feel yourself slow down.
You see here a +0 dagger.
Casting: Magic Dart (safe; 2% risk of failure)
Confirm with . or Enter, or press ? or * to list all spells.
Aiming: Magic Dart (safe; 2% risk of failure)
Press: ? - help, Shift-Dir - straight line, f/p - ice beast
Aim: an ice beast (heavily wounded, 100% to hit)
The magic dart hits the ice beast.
The ice beast is heavily wounded.
The ice beast misses you.
Unknown command.
You fade into invisibility!
The ice beast closely misses you. The ice beast hits you.
You die...

########
#.)Y@..#
#.####.# #.# #
#Y# #.# #.#
##.#.#.####.##
........†<....#
...........#.##


You could see an ice beast.

Vanquished Creatures
  A phantom (D:5)
  A scorpion (D:5)
  A jelly (D:4)
  Natasha (thrice) (D:4)
  An iguana (D:4)
  3 orc wizards
  A howler monkey zombie (D:3)
  Robin (D:3)
  5 adders
  A shadow imp (D:5)
  2 worms (D:3)
  5 dart slugs
  7 orcs
  12 ball pythons
  9 bats
  4 endoplasms
  4 giant cockroaches
  15 goblins
  9 hobgoblins
  11 jackals
  3 quokkas
  6 frilled lizards
  7 kobolds
  5 rats
117 creatures vanquished.

Vanquished Creatures (collateral kills)
  An adder (D:4)
1 creature vanquished.

Grand Total: 118 creatures vanquished

Notes
Turn   | Place    | Note
-------+----------+-------------------------------------------
     0 | D:1      | Kaptain the Octopode Hedge Wizard began the quest for the
                  | Orb.
     0 | D:1      | Reached XP level 1. HP: 11/11 MP: 4/4
   185 | D:1      | Reached XP level 2. HP: 18/18 MP: 0/6
   584 | D:1      | Reached skill level 1 in Fighting
   961 | D:1      | Reached XP level 3. HP: 23/23 MP: 0/7
   964 | D:1      | Learned a level 2 spell: Blink
   968 | D:1      | Learned a level 3 spell: Mephitic Cloud
  1059 | D:1      | Found a faded altar of an unknown god.
  1106 | D:1      | You fall into a shaft and drop 1 floor!
  1669 | D:1      | Reached XP level 4. HP: 28/28 MP: 9/9
  2181 | D:2      | Found a snail-covered altar of Cheibriados.
  2939 | D:3      | Noticed Robin
  2970 | D:3      | Killed Robin
  3150 | D:3      | Reached XP level 5. HP: 27/34 MP: 3/10
  4273 | D:3      | Found a hazy altar of Hepliaklqana.
  4513 | D:4      | Reached XP level 6. HP: 21/41 MP: 4/12
  4972 | D:4      | Found a hide-covered altar of Uskayaw.
  5297 | D:4      | Noticed Natasha
  5304 | D:4      | Killed Natasha
  5347 | D:4      | Noticed Natasha
  5356 | D:4      | Killed Natasha
  5444 | D:4      | Noticed Natasha
  5454 | D:4      | Killed Natasha
  5647 | D:5      | Entered Level 5 of the Dungeon
  5761 | D:5      | Reached XP level 7. HP: 43/46 MP: 6/13
  5896 | D:5      | HP: 1/69 [ice beast (14)]
  5904 | D:5      | Slain by an ice beast

Illustrated notes

Levels and vault maps discovered:
D:1:      elethiomel_arrival_quiet, layout_basic,
          nicolae_ecumenical_snake_handling, minmay_tromino_v4_a
D:2:      layout_rooms, basic_altar, minmay_ruptured
D:3:      minmay_recursive_quarters, layout_basic,
          mainiacjoe_overflow_tiny_flanked, minivault_5, uniq_robin
D:4:      layout_rooms, mainiacjoe_overflow_small_starburst, uniq_natasha
D:5:      layout_loops_ring

Skill      XL: |  1  2  3  4  5  6  7 |
---------------+----------------------+-----
Fighting       | 1 2 3 |  3.4
Stealth        | 3 4 |  4.6
Conjurations   | 2 3 |  3.9
Spellcasting   | 4 |  4.5
Dodging        | 3 |  3.0
Summonings     | |  1.0
Translocations | |  1.0

Action                   |  1- 3 |  4- 6 |  7- 9 || total
-------------------------+-------+-------+-------++-------
Melee: Dagger            |     3 |    68 |    11 ||    82
       Constrict         |     9 |    25 |     1 ||    35
       Tentacles         |    10 |    20 |       ||    30
       Short sword       |    28 |     6 |       ||    34
 Fire: Hunting sling     |       |    38 |       ||    38
Throw: Boomerang         |     1 |       |       ||     1
 Cast: Magic Dart        |    67 |   159 |    19 ||   245
       Mephitic Cloud    |       |     2 |       ||     2
  Use: Scroll            |       |    13 |       ||    13
       Potion            |       |       |     3 ||     3
 Stab: Sleeping          |     3 |     1 |       ||     4
       Confused          |       |     2 |       ||     2
Armor: Skin              |       |    24 |     5 ||    29
Dodge: Dodged            |    19 |    63 |    17 ||    99
